 Dungeon Sprint DCSS version 0.17.1-1-g73c8601 (webtiles) character file.

8817 Ponchio the Sorcerer (level 11, 0/54 HPs)
             Began as a Deep Elf Fire Elementalist on Dec 23, 2015.
             Was the Champion of Vehumet.
             Slain by Norris
             ... wielding a +0 great sword of holy wrath
              (30 damage)
             ... in the Dungeon (Sprint V: "Ziggurat Sprint").
             The game lasted 00:31:52 (4124 turns).

Ponchio the Sorcerer (Deep Elf Fire Elementalist)   Turns: 4124, Time: 00:31:52

Health: 0/54       AC:  2    Str:  5    XL:     11   Next: 14%
Magic:  27/45      EV: 27    Int: 30    God:    Vehumet [******]
Gold:   0          SH:  0    Dex: 27    Spells: 4 memorised, 37 levels left

rFire  . . .     SeeInvis .     I - +6 Majin-Bo {vamp, Archmagi MP+6 Int+6}
rCold  . . .     Clarity  .     a - +0 robe
rNeg   . . .     SustAt   .     (shield currently unavailable)
rPois  .         Gourm    .     (no helmet)
rElec  .         Spirit   .     (no cloak)
rCorr  .         Warding  .     (no gloves)
rMut   .         NoTele   +     (no boots)
MR     +....                    (no amulet)
Stlth  +++.......               y - +6 ring of dexterity
                                z - +6 ring of dexterity

@: very slightly contaminated, hasted, deflect missiles, very quick, somewhat
resistant to hostile enchantments, fairly stealthy
A: no striking features
a: Renounce Religion


You were in the Dungeon.
You worshipped Vehumet.
Vehumet was exalted by your worship.
You were not hungry.

You visited 1 branch

Inventory:

Hand Weapons
 I - the +6 Majin-Bo (weapon) {vamp, Archmagi MP+6 Int+6}
   (You found it in the Dungeon)

   It inflicts no extra harm, but heals its wielder somewhat when it strikes a
   living foe.
   It affects your intelligence (+6).
   It affects your magic capacity (+6).
Armour
 a - a +0 robe (worn)
 J - the +15 Maxwell's patent armour {-Cast -Tele rElec MR+ rCorr}
   (You found it in the Dungeon)

   It insulates you from electricity.
   It affects your resistance to hostile enchantments.
   It prevents spellcasting.
   It prevents most forms of teleportation.
   It protects you from acid and corrosion.
Jewellery
 y - a +6 ring of dexterity (right hand)
 z - a +6 ring of dexterity (left hand)
 A - a +6 ring of intelligence
 B - a +6 ring of intelligence
 C - a +6 ring of strength
 D - a +6 ring of strength
Wands
 E - a wand of disintegration (1)
 F - a wand of fire (1)
 G - a wand of cold (4)
 H - a wand of draining (4)
Scrolls
 i - 3 scrolls of blinking
 p - 4 scrolls of amnesia
 q - 3 scrolls of recharging
 r - 7 scrolls of fog
 s - a scroll of holy word
 t - 5 scrolls of identify
 u - 5 scrolls of remove curse
 v - 2 scrolls of fear
 K - 2 scrolls of brand weapon
Potions
 d - 7 potions of curing
 e - 3 potions of heal wounds
 f - 2 potions of haste
 g - 6 potions of magic
 h - 2 potions of berserk rage
 j - 2 potions of brilliance
 k - 2 potions of invisibility
 l - 4 potions of resistance
 n - 5 potions of agility
 o - 6 potions of might
Books
 b - a book of Flames

   Spells                             Type                      Level
   a - Flame Tongue                   Conjuration/Fire             1
   b - Throw Flame                    Conjuration/Fire             2
   c - Conjure Flame                  Conjuration/Fire             3
   d - Inner Flame                    Hexes/Fire                   3
   e - Sticky Flame                   Conjuration/Fire             4
   f - Fireball                       Conjuration/Fire             5
 L - the Catalogue of Conjuration
   (You found it in the Dungeon)

   Spells                             Type                      Level
   a - Sting                          Conjuration/Poison           1
   b - Static Discharge               Conjuration/Air              3
   c - Freezing Cloud                 Conjuration/Ice/Air          6
   d - Spellforged Servitor           Conjuration/Summoning        7
 M - a book of Battle

   Spells                             Type                      Level
   a - Infusion                       Charms                       1
   b - Shroud of Golubria             Charms/Translocation         2
   c - Song of Slaying                Charms                       2
   d - Spectral Weapon                Hexes/Charms                 3
   e - Regeneration                   Charms/Necromancy            3
 N - Sif Muna's Reference Book on Weightlessness
   (You found it in the Dungeon)

   Spells                             Type                      Level
   a - Shock                          Conjuration/Air              1
   b - Swiftness                      Charms/Air                   2
   c - Deflect Missiles               Charms/Air                   6
 P - a book of Air

   Spells                             Type                      Level
   a - Shock                          Conjuration/Air              1
   b - Swiftness                      Charms/Air                   2
   c - Repel Missiles                 Charms/Air                   2
   d - Static Discharge               Conjuration/Air              3
   e - Lightning Bolt                 Conjuration/Air              5
Miscellaneous
 m - a phantom mirror
 O - a fan of gales
Comestibles
 c - 4 bread rations
 w - 33 fruits
 x - 3 meat rations


   Skills:
 + Level 12.4 Dodging
 - Level 2.4 Stealth
 - Level 22.0 Spellcasting
 - Level 11.6 Conjurations
 - Level 4.7 Charms
 - Level 11.2 Fire Magic
 - Level 5.1 Air Magic
 - Level 8.0 Evocations


You had 37 spell levels left.
You knew the following spells:

 Your Spells              Type           Power        Failure   Level  Hunger
a - Flame Tongue          Conj/Fire      #####        0%          1    None
b - Fireball              Conj/Fire      ########..   1%          5    None
c - Deflect Missiles      Chrm/Air       #######...   24%         6    None
d - Bolt of Magma         Conj/Fire/Erth #######...   1%          5    None


Dungeon Overview and Level Annotations

Branches:
Dungeon (1/1)

Altars:
Ashenzari
Cheibriados
Dithmenos
Elyvilon
Fedhas
Gozag
Kikubaaqudgha
Makhleb
Nemelex Xobeh
Okawaru
Qazlal
Ru
Sif Muna
Trog
Vehumet
Xom
Yredelemnul
Zin
The Shining One
Beogh
Jiyva
Lugonu

Annotations:
D Frances, Norris, Saint Roka, Urug


Message History

Aiming: Fireball
Press: ? - help, Shift-Dir - straight line You feel a surge of power!
The fireball explodes!
The fireball engulfs Urug.
Urug is almost dead.
The fireball engulfs Saint Roka.
Saint Roka is severely wounded.
The fireball engulfs something.
Vehumet accepts your kill.
You feel your power returning.
Reactivating autopickup.
Your Dodging skill increases to level 12!
You feel a bit more experienced. Frances hits you with a short sword!!
* * * LOW HITPOINT WARNING * * *
Urug throws a javelin.
The javelin completely misses you.
Drink which item? (? for menu, Esc to quit)
You feel much better.
Frances says, "Show me proof of your conquests, and I will call you a great adventurer."
Frances misses you. Something hits you!!
Ouch! That really hurt!
You die...

▓.........▓.).)...▓
▓.........▓....)..▓
▓.........▓..)....▓
▓.........▓.▓...▓.▓
▓.........▓.......▓
▓▓▓▓▓▓▓▓▓▓▓▓▓▓▓▓▓▓▓
..8©8...▓...8©8...▓
.[:=.|..▓..[=)\[..▓
▓..[=)):@@▓...}.|)..▓
▓........4▓.........▓
▓....)).).▓.........▓
▓....o)...▓.........▓
▓.....o...▓.........▓
▓.........▓.▓.....▓.▓
▓.▓.....▓.▓.........▓
▓....(....▓▓▓▓▓▓▓▓▓▓▓
▓▓▓▓▓▓▓▓▓▓▓


You could see Saint Roka, Frances, Urug (frenzied) and a sixfirhy.

Vanquished Creatures
  Donald (D)
  Erica (D)
  An orc high priest (D)
  A wretched star (D)
  A deep elf knight (D)
  A deep elf summoner (D)
  Pikel (D)
  Psyche (D)
  A spiny frog (D)
  A jumping spider (D)
  A komodo dragon (D)
  A snapping turtle (shapeshifter) (D)
  2 slime creatures (D)
  Sigmund (D)
  An air elemental (D)
  A tarantella (D)
  A deep elf mage (D)
  A fire bat (D)
  A wolf (D)
  A chaos spawn (D)
  A deep elf fighter (D)
  A hippogriff (D)
  A naga (D)
  4 insubstantial wisps (D)
  A water moccasin (D)
  Duvessa (D)
  Purgy (D)
  2 porcupines (D)
  Blork the orc (D)
  2 scorpions (D)
  Dowan (D)
  A crimson imp (D)
  2 quasits (D)
  Crazy Yiuf (D)
  4 jellies (D)
  Jessica (D)
  2 adders (D)
  A shadow imp (D)
  3 white imps (D)
  2 oozes (D)
  2 ufetubi (D)
  2 ball pythons (D)
  A jackal (D)
59 creatures vanquished.

Notes
Turn   | Place    | Note
--------------------------------------------------------------
     0 | D        | Ponchio the Deep Elf Fire Elementalist began the quest for the Orb.
     0 | D        | Reached XP level 1. HP: 10/10 MP: 6/6
     0 | D        | Found a roughly hewn altar of Beogh.
     0 | D        | Found a viscous altar of Jiyva.
     0 | D        | Found a corrupted altar of Lugonu.
     0 | D        | Found a white marble altar of Elyvilon.
     0 | D        | Found a sparkling altar of Nemelex Xobeh.
     1 | D        | Found a burning altar of Makhleb.
     1 | D        | Found an iron altar of Okawaru.
     1 | D        | Found a deep blue altar of Sif Muna.
     1 | D        | Found a radiant altar of Vehumet.
     1 | D        | Found a bloodstained altar of Trog.
     1 | D        | Found a shimmering altar of Xom.
    34 | D        | Became a worshipper of Vehumet
   101 | D        | Reached skill level 8 in Evocations
   101 | D        | Reached XP level 2. HP: 15/15 MP: 9/9
   115 | D        | Entered arena 1.
   115 | D        | Noticed a water moccasin
   123 | D        | Killed a water moccasin
   123 | D        | Reached skill level 5 in Fire Magic
   123 | D        | Reached XP level 3. HP: 13/19 MP: 10/10
   123 | D        | Reached XP level 4. HP: 16/24 MP: 12/12
   234 | D        | Entered arena 2.
   234 | D        | Noticed a wretched star
   237 | D        | Reached * piety under Vehumet
   237 | D        | Offered knowledge of Shock by Vehumet.
   268 | D        | Killed a wretched star
   268 | D        | Reached skill level 11 in Conjurations
   268 | D        | Reached XP level 5. HP: 11/19 MP: 9/9
   268 | D        | Reached XP level 6. HP: 12/22 MP: 10/10
   268 | D        | Reached XP level 7. HP: 13/25 MP: 11/11
   478 | D        | Learned a level 5 spell: Fireball
  2533 | D        | Entered arena 3.
  2533 | D        | Noticed a naga
  2534 | D        | Reached ** piety under Vehumet
  2534 | D        | Offered knowledge of Magic Dart by Vehumet.
  2535 | D        | Killed a naga
  2775 | D        | Entered arena 4.
  2775 | D        | Noticed a jumping spider
  2775 | D        | Noticed a scorpion
  2775 | D        | Noticed a tarantella
  2775 | D        | Noticed a scorpion
  2776 | D        | Killed a scorpion
  2777 | D        | Killed a scorpion
  2777 | D        | Offered knowledge of Searing Ray by Vehumet.
  2777 | D        | Killed a tarantella
  2777 | D        | Reached *** piety under Vehumet
  2777 | D        | Reached skill level 10 in Spellcasting
  2777 | D        | Reached XP level 8. HP: 35/41 MP: 21/24
  2778 | D        | Killed a jumping spider
  2899 | D        | Entered arena 5.
  2899 | D        | Noticed an air elemental
  2899 | D        | Noticed an insubstantial wisp
  2899 | D        | Noticed an insubstantial wisp
  2899 | D        | Noticed an insubstantial wisp
  2899 | D        | Noticed an insubstantial wisp
  2901 | D        | Killed an air elemental
  2901 | D        | Reached skill level 12 in Spellcasting
  2906 | D        | Killed an insubstantial wisp
  2906 | D        | Reached skill level 13 in Spellcasting
  2915 | D        | Killed an insubstantial wisp
  2915 | D        | Reached skill level 14 in Spellcasting
  2923 | D        | Killed an insubstantial wisp
  2926 | D        | Killed an insubstantial wisp
  2926 | D        | Reached skill level 15 in Spellcasting
  3072 | D        | Entered arena 6.
  3072 | D        | Noticed a swamp dragon
  3072 | D        | Noticed an orc high priest
  3072 | D        | Noticed a deep elf knight
  3072 | D        | Noticed a deep elf mage
  3072 | D        | Noticed a deep elf summoner
  3072 | D        | Noticed a deep elf fighter
  3075 | D        | Killed a deep elf summoner
  3075 | D        | Offered knowledge of Ignite Poison by Vehumet.
  3075 | D        | Reached skill level 16 in Spellcasting
  3075 | D        | Reached XP level 9. HP: 39/45 MP: 25/31
  3075 | D        | Killed a deep elf knight
  3075 | D        | Reached skill level 18 in Spellcasting
  3076 | D        | Killed an orc high priest
  3076 | D        | Reached **** piety under Vehumet
  3076 | D        | Reached skill level 19 in Spellcasting
  3077 | D        | Noticed a snapping turtle
  3079 | D        | Killed a deep elf fighter
  3079 | D        | Noticed a sea snake
  3079 | D        | a snapping turtle changed into a sea snake
  3080 | D        | Killed a deep elf mage
  3080 | D        | a sea snake changed into a snapping turtle
  3082 | D        | Reached skill level 20 in Spellcasting
  3082 | D        | Reached XP level 10. HP: 12/50 MP: 8/36
  3426 | D        | Entered arena 7.
  3426 | D        | Noticed Sigmund
  3426 | D        | Noticed Jessica
  3426 | D        | Noticed Blork the orc
  3426 | D        | Noticed Crazy Yiuf
  3426 | D        | Noticed Dowan
  3426 | D        | Noticed Duvessa
  3428 | D        | Killed Dowan
  3428 | D        | Offered knowledge of Bolt of Draining by Vehumet.
  3431 | D        | Killed Duvessa
  3431 | D        | Reached ***** piety under Vehumet
  3432 | D        | Killed Blork the orc
  3433 | D        | Killed Crazy Yiuf
  3433 | D        | Killed Jessica
  3433 | D        | Killed Sigmund
  3475 | D        | Identified the Catalogue of Conjuration (You found it in the Dungeon)
  3561 | D        | Entered arena 8.
  3561 | D        | Noticed a porcupine
  3561 | D        | Noticed a wolf
  3561 | D        | Noticed a porcupine
  3561 | D        | Noticed a spiny frog
  3561 | D        | Noticed a hippogriff
  3561 | D        | Noticed a komodo dragon
  3562 | D        | Killed a porcupine
  3562 | D        | Reached skill level 21 in Spellcasting
  3562 | D        | Killed a spiny frog
  3563 | D        | Killed a wolf
  3564 | D        | Killed a porcupine
  3564 | D        | Killed a hippogriff
  3565 | D        | Killed a komodo dragon
  3565 | D        | Reached skill level 22 in Spellcasting
  3573 | D        | Identified Sif Muna's Reference Book on Weightlessness (You found it in the Dungeon)
  3584 | D        | Learned a level 6 spell: Deflect Missiles
  3685 | D        | Entered arena 9.
  3685 | D        | Noticed a jelly
  3685 | D        | Noticed a jelly
  3685 | D        | Noticed a slime creature
  3685 | D        | Noticed a slime creature
  3685 | D        | Noticed a jelly
  3685 | D        | Noticed a jelly
  3686 | D        | Killed a jelly
  3686 | D        | Offered knowledge of Bolt of Magma by Vehumet.
  3686 | D        | Killed a jelly
  3686 | D        | Reached skill level 1 in Charms
  3686 | D        | Killed a jelly
  3686 | D        | Reached skill level 1 in Air Magic
  3686 | D        | Reached ****** piety under Vehumet
  3686 | D        | Killed a jelly
  3687 | D        | Killed a slime creature
  3688 | D        | Killed a slime creature
  3786 | D        | Entered arena 10.
  3786 | D        | Noticed a chaos spawn
  3786 | D        | Noticed a quasit
  3786 | D        | Noticed a quasit
  3786 | D        | Noticed a crimson imp
  3786 | D        | Noticed a fire bat
  3787 | D        | Killed a quasit
  3789 | D        | Killed a quasit
  3789 | D        | Killed a chaos spawn
  3790 | D        | Killed a fire bat
  3790 | D        | Reached skill level 5 in Air Magic
  3793 | D        | Killed a crimson imp
  4005 | D        | Learned a level 5 spell: Bolt of Magma
  4113 | D        | Entered arena 11.
  4113 | D        | Noticed Donald
  4113 | D        | Noticed Urug
  4113 | D        | Noticed Pikel
  4113 | D        | Noticed Psyche
  4113 | D        | Noticed Saint Roka
  4115 | D        | Noticed Purgy
  4115 | D        | Noticed Erica
  4115 | D        | Killed Psyche
  4115 | D        | Offered knowledge of Throw Icicle by Vehumet.
  4115 | D        | Reached skill level 5 in Dodging
  4116 | D        | Noticed Norris
  4116 | D        | Noticed Frances
  4116 | D        | Killed Pikel
  4117 | D        | Noticed a sixfirhy
  4117 | D        | Killed Purgy
  4122 | D        | Killed Donald
  4122 | D        | Reached XP level 11. HP: 47/54 MP: 30/39
  4123 | D        | Killed Erica
  4124 | D        | Slain by Norris

Action                   |  1- 3 |  4- 6 |  7- 9 | 10-12 || total
-------------------------+-------+-------+-------+-------++-------
Melee: Quarterstaff      |     3 |    30 |     2 |     3 ||    38
 Cast: Fireball          |       |       |    24 |    22 ||    46
       Deflect Missiles  |       |       |       |     1 ||     1
Evoke: Wand              |     3 |     4 |     4 |     1 ||    12
  Use: Potion            |     2 |     2 |     8 |     5 ||    17
       Scroll            |       |       |       |     1 ||     1
  Eat: Fruit             |     2 |     2 |     1 |     4 ||     9
       Meat ration       |       |       |     1 |       ||     1
       Bread ration      |       |       |     1 |       ||     1
